 Dungeon Crawl Stone Soup version 0.20.0-15-g7f486f2 (webtiles) character file.

266788 greprep the Hoplite (level 19, 0/153 HPs)
             Began as a Minotaur Fighter on June 29, 2017.
             Was the Champion of Qazlal.
             Splashed by an acid blob's acid (8 damage)
             ... on level 5 of the Pits of Slime.
             The game lasted 01:57:12 (37395 turns).

greprep the Hoplite (Minotaur Fighter)             Turns: 37395, Time: 01:57:13

Health: 0/153      AC: 21    Str: 30    XL:     19   Next: 33%
Magic:  18/18      EV: 22    Int:  5    God:    Qazlal [******]
Gold:   1319       SH: 29    Dex: 24    Spells: 18/18 levels left

rFire    + . .     SeeInvis .   I - +6 war axe (vamp)
rCold    . . .     Gourm    +   V - +1 shield {reflect}
rNeg     + . .     Faith    .   o - +4 chain mail "Quyfiorgh" {*Drain rPois rCorr Dex+10}
rPois    +         Spirit   .   O - +2 hat
rElec    .         Reflect  +   e - +2 cloak
rCorr    +         Harm     .   D - +4 pair of gloves "Baozist" {rF+ rN+ MR+ Dex+3}
MR       +++..     Rnd*Tele +   (no boots)
Stlth    ..........             l - amulet of the gourmand
Regen    0.4/turn               Q - +3 ring of protection
MPRegen  0.2/turn               J - ring of protection from magic

@: protected from physical damage, corroded, very slightly contaminated, hasted,
repel missiles, very quick
A: retaliatory headbutt, horns 2, frail 1, strong 1, teleportitis 1
}: 2/15 runes: decaying, gossamer
a: Upheaval, Elemental Force, Disaster Area, Renounce Religion


You were on level 5 of the Pits of Slime.
You worshipped Qazlal.
Qazlal was exalted by your worship.
You were not hungry.

You visited 7 branches of the dungeon, and saw 37 of its levels.
You also visited: Labyrinth and Ice Cave.

You collected 3015 gold pieces.
You spent 1696 gold pieces at shops.

Inventory:

Hand Weapons
 p - a +3 vampiric trident
 G - the +4 trident of Noon {drain, rF+ Int+3}
   (You found it on level 9 of the Dungeon)

   A truly terrible weapon, it drains the life of those it strikes.
   It affects your intelligence (+3).
   It protects you from fire.
 I - a +6 vampiric war axe (weapon)
 N - the +1 spear of Noon {drain, Str+4 Dex+2}
   (You bought it in a shop on level 6 of the Dungeon)

   A truly terrible weapon, it drains the life of those it strikes.
   It affects your strength (+4).
   It affects your dexterity (+2).
 U - the +10 morningstar "Eos" {elec, Halo rElec}
   (You found it in an ice cave)

   Occasionally, upon striking a foe, it will discharge some electrical energy
   and cause terrible harm.
   It insulates you from electricity.
 Y - the +8 battleaxe of Ancient Evil {pain, rC+ Int+6 Dex+3}
   (You took it off a minotaur in a labyrinth)

   In the hands of one skilled in necromantic magic, it inflicts extra damage on
   living creatures.
   It affects your intelligence (+6).
   It affects your dexterity (+3).
   It protects you from cold.
Armour
 d - the +1 plate armour of Sif Muna's Displeasure {rCorr Int+4 SInv}
   (You bought it in a shop on level 2 of the Orcish Mines)

   It affects your intelligence (+4).
   It lets you see invisible.
   It protects you from acid and corrosion.
 e - a +2 cloak (worn)
 k - the +5 chain mail of the Past {rPois rF+ MP-9}
   (You bought it in a shop on level 6 of the Dungeon)

   It protects you from fire.
   It protects you from poison.
   It affects your magic capacity (-9).
 o - the +4 chain mail "Quyfiorgh" (worn) {*Drain rPois rCorr Dex+10}
   (You bought it in a shop on level 2 of the Orcish Mines)

   It affects your dexterity (+10).
   It protects you from poison.
   It protects you from acid and corrosion.
   It causes draining when unequipped.
 D - the +4 pair of gloves "Baozist" (worn) {rF+ rN+ MR+ Dex+3}
   (You bought it in a shop on level 6 of the Dungeon)

   It affects your dexterity (+3).
   It protects you from fire.
   It protects you from negative energy.
   It affects your resistance to hostile enchantments.
 O - a +2 hat (worn)
 V - a +1 shield of reflection (worn)
Jewellery
 l - an amulet of the gourmand (around neck)
 C - an uncursed ring of positive energy
 J - a ring of protection from magic (right hand)
 K - a +4 ring of dexterity
 L - an uncursed ring of wizardry {unknown}
 M - an uncursed amulet of regeneration
 Q - a +3 ring of protection (left hand)
 X - an uncursed ring of resist corrosion
Wands
 h - a wand of digging (5/24)
 R - a wand of digging (0/24)
 W - a wand of digging (0/24)
Scrolls
 i - 17 scrolls of teleportation
 m - 12 scrolls of remove curse
 q - 10 scrolls of recharging
 t - 2 scrolls of brand weapon
 u - 8 scrolls of magic mapping
 w - a scroll of amnesia
 y - 3 scrolls of fear
 E - 2 scrolls of summoning
 S - 2 scrolls of holy word
 T - a scroll of random uselessness {unknown}
Potions
 j - 9 potions of lignification
 r - 4 potions of ambrosia
 v - a potion of cancellation {unknown}
 z - a potion of invisibility
 A - 10 potions of curing
 H - 2 potions of flight
 Z - 2 potions of agility
Comestibles
 b - 25 fruits
 f - 15 bread rations
 n - 20 meat rations
 B - 27 royal jellies


   Skills:
 * Level 15.1 Fighting
 - Level 17.0(18.7) Axes
 - Level 14.1(17.3) Polearms
 - Level 13.0 Armour
 - Level 15.4 Dodging
 - Level 25.0 Shields
 - Level 0.3 Evocations


You had 18 spell levels left.
You didn't know any spells.

Dungeon Overview and Level Annotations

Branches:
Dungeon (15/15)            Temple (1/1) D:5            Lair (6/6) D:8
  Swamp (4/4) Lair:3       Spider (4/4) Lair:4        Slime (5/5) Lair:5
    Orc (2/2) D:10            Elf (0/3) Orc:2        Vaults (0/5) D:13
 Depths (0/5) D:15

Altars:
Ashenzari
Cheibriados
Dithmenos
Elyvilon
Fedhas
Gozag
Hepliaklqana
Kikubaaqudgha
Makhleb
Nemelex Xobeh
Okawaru
Qazlal
Ru
Sif Muna
Trog
Uskayaw
Vehumet
Xom
Yredelemnul
Zin
The Shining One
Jiyva

Shops:
D:6 ([=   D:13 }   Orc:2 :*[%


Innate Abilities, Weirdness & Mutations

You reflexively headbutt those who attack you in melee.
You have a pair of horns on your head.
You are frail. (-10% HP)
Your muscles are strong. (Str +2)
You are occasionally teleported next to monsters.


Message History

The azure jelly hits you but does no damage.
Blink to where?
Press: ? - help, Dir - move target cursor
As you read the scroll of blinking, it crumbles to dust.
A slime creature comes into view.
The slime creature quivers.
The acid blob spits acid at you.
The splash of acid is repelled.
Unknown command.
You feel better. The acid blob spits acid at you. The splash of acid hits you!
You resist.
* * * LOW HITPOINT WARNING * * *
You are splashed with acid!
The acid burns!
You resist.
* * * LOW HITPOINT WARNING * * *
The acid blob jiggles.
The acid blob spits acid at you. The splash of acid hits you!
You are splashed with acid!
The acid burns!
You resist.
You die...

,...................#*,,,**.#,,,*
,,...........G.§J§..##*,**..#*,**
*,,,.........J.JG....#####.#####*
**,,..........§J........#...#..#,
*,,,,..................G........,
,,,,,,..........J...............,
,,,,,,,..........§JJ............,
*,,,,,,,.......JJ.....J.........,
*,,*,,,,........@...J...........,
*****,,,,.......§...............,
*,,,,.....§§.................
***,,........................
**,............J.......J...
*,................J.......
**#.......................
*..............JJJ.......
**,*,,,,.................


You could see 4 acid blobs, 3 azure jellies, 2 great orbs of eyes, 3 slime
creatures, a shining eye and 3 death oozes.

Vanquished Creatures
  the Royal Jelly (Slime:5)
  A bone dragon (Swamp:4)
  13 acid blobs
  2 thorn hunters
  Gastronok (Lair:1)
  Frances (Swamp:2)
  A tengu reaver (D:14)
  Donald (Spider:2)
  6 azure jellies
  A frost giant (IceCv)
  7 ghost moths
  8 emperor scorpions
  Nessos (D:13)
  4 entropy weavers
  A dire elephant (D:15)
  The ghost of Patate the Unseen, a journeyman SpEn of Okawaru (Orc:1)
  4 spark wasps
  An ettin (Orc:2)
  A minotaur (Lab)
  4 death oozes
  A deep elf high priest (D:14)
  2 great orbs of eyes
  18 hydras
  A ghost crab (Swamp:4)
  Harold (Lair:1)
  5 catoblepae
  Erica (Lair:2)
  4 centaur warriors
  An ogre mage (D:15)
  15 alligators
  19 two-headed ogres
  The ghost of Paps the Blocker, a novice MiFi of Gozag (D:8)
  6 death yaks
  The ghost of Quirk the Impaler, a novice MfGl of Hepliaklqana (D:9)
  A deep troll earth mage (D:14)
  Urug (D:12)
  3 orc high priests (Orc:2)
  2 spriggans (Swamp:2)
  A flayed ghost (D:10)
  A death drake (Swamp:4)
  3 unseen horrors
  2 spectral hydras (Swamp:4)
  3 swamp dragons
  2 shambling mangroves (Swamp:2)
  2 phantasmal warriors (Swamp:4)
  5 orc knights
  25 orb spiders
  2 oklob plants
  An orc sorcerer (Orc:1)
  A salamander (D:15)
  8 ugly things
  4 shining eyes
  2 deep elf magi
  6 manticores
  32 wolf spiders
  4 cyclopes
  The ghost of rezek the Gouger, a novice FeTm of Ashenzari (D:12)
  A moth of wrath (Spider:4)
  3 elephants (Lair:4)
  6 centaur zombies
  Joseph (Lair:1)
  3 black mambas
  A gargoyle (D:10)
  An eye of devastation (Slime:5)
  8 centaur skeletons
  22 spiny frogs
  A torpor snail (Spider:2)
  7 rime drakes
  3 kobold demonologists
  15 demonic crawlers
  3 komodo dragons
  4 efreet
  A freezing wraith (D:14)
  3 swamp worm zombies (Swamp:4)
  8 tyrant leeches
  A queen bee (Lair:4)
  40 jumping spiders
  3 hydra zombies (Swamp:4)
  3 meliai (Lair:4)
  16 hornets
  8 trolls
  A minotaur skeleton (Lab)
  15 polar bears
  6 alligator zombies (Swamp:4)
  2 spectral swamp dragons (Swamp:4)
  10 bog bodies
  84 slime creatures
  5 dream sheep (Lair:5)
  23 blink frogs
  6 hippogriffs
  3 shadows
  Sigmund (D:2)
  64 redbacks
  A wyvern (D:13)
  44 yaks
  24 tarantellas
  16 humans (D:13)
  A water elemental (D:13)
  Eustachio (D:6)
  A redback (shapeshifter) (D:15)
  2 golden eyes (Slime:4)
  8 hungry ghosts
  12 vampire mosquitoes
  28 swamp worms
  10 insubstantial wisps (Swamp:4)
  2 wargs (Orc:2)
  Edmund (D:6)
  An acid dragon (D:14)
  8 porcupines
  10 water moccasins
  2 hell hounds (D:8)
  5 sky beasts
  26 orc warriors
  5 ice beasts
  8 swamp drakes
  4 swamp dragon zombies (Swamp:4)
  A necrophage (D:6)
  2 black bears
  14 wolves
  8 eyes of draining
  8 phantoms
  15 ogres
  20 centaurs
  A crocodile (shapeshifter) (D:15)
  13 crocodiles
  A big kobold (D:15)
  10 bullfrogs
  An earth elemental (Lab)
  A wyvern skeleton (D:14)
  3 scorpions
  A water moccasin skeleton (D:8)
  26 killer bees
  8 wights
  3 electric eels
  7 howler monkeys
  2 quasits
  4 jellies
  9 crimson imps
  7 hounds
  2 bullfrog skeletons
  14 orc priests
  28 orc wizards
  8 iguanas
  A spectral swamp drake (Swamp:4)
  9 worker ants
  4 hell rats (Lair:2)
  2 hound skeletons
  3 worker ant zombies
  8 gnolls
  16 adders
  3 swamp drake zombies (Swamp:4)
  4 shadow imps
  An ooze (D:2)
  2 adder skeletons
  6 worms
  2 dart slugs (D:2)
  4 leopard geckos
  72 orcs
  8 bats
  5 giant cockroaches
  7 hobgoblins
  6 jackals
  13 kobolds
  4 quokkas
  3 ball pythons
  3 frilled lizards
  9 goblins
  6 rats
  2 bushes (Lair:3)
  2 plants
1272 creatures vanquished.

Vanquished Creatures (others)
  2 polar bears (IceCv)
  A hornet (Spider:4)
  A bog body (Swamp:4)
  A slime creature (Slime:5)
  3 redbacks
  4 yaks (IceCv)
  2 insubstantial wisps (Swamp:4)
  An orc priest (Orc:2)
  An orc wizard (D:10)
  2 orcs (Orc:2)
  A kobold (D:15)
  4 briar patches (Swamp:1)
  12 fungi
  28 plants
63 creatures vanquished.

Grand Total: 1335 creatures vanquished

Notes
Turn   | Place    | Note
-------+----------+-------------------------------------------
     0 | D:1      | greprep the Minotaur Fighter began the quest for the Orb.
     0 | D:1      | Reached XP level 1. HP: 19/19 MP: 0/0
   246 | D:1      | Reached XP level 2. HP: 26/26 MP: 1/1
   397 | D:1      | Reached skill level 4 in Shields
   440 | D:2      | Reached skill level 1 in Dodging
   636 | D:2      | Reached XP level 3. HP: 27/33 MP: 2/2
  1014 | D:2      | Reached XP level 4. HP: 37/40 MP: 3/3
  1249 | D:2      | Noticed Sigmund
  1261 | D:2      | Killed Sigmund
  1261 | D:2      | Reached skill level 5 in Shields
  1261 | D:2      | Reached XP level 5. HP: 33/46 MP: 4/4
  1897 | D:3      | Reached XP level 6. HP: 24/52 MP: 5/5
  2221 | D:3      | Reached skill level 1 in Polearms
  2521 | D:3      | Reached XP level 7. HP: 36/60 MP: 6/6
  3465 | D:3      | Reached skill level 5 in Polearms
  4275 | D:5      | Entered Level 5 of the Dungeon
  4382 | D:5      | Reached XP level 8. HP: 67/67 MP: 7/7
  4563 | D:5      | Found a staircase to the Ecumenical Temple.
  4579 | Temple   | Entered the Ecumenical Temple
  4665 | Temple   | Became a worshipper of Qazlal Stormbringer
  4780 | D:5      | Reached skill level 10 in Polearms
  5017 | D:6      | Noticed Eustachio
  5047 | D:6      | Killed Eustachio
  5108 | D:6      | Found an iron altar of Okawaru.
  5123 | D:6      | Found Qarch's Antique Armour Boutique.
  5127 | D:6      | Bought an ancient chain mail for 218 gold pieces
  5137 | D:6      | Identified the +5 chain mail of the Past {rPois rF+ MP-9} (You bought it in a shop on level 6 of the Dungeon)
  5456 | D:6      | Found Uklilan's Jewellery Shoppe.
  5489 | D:6      | Found a glowing silver altar of Zin.
  5524 | D:6      | Reached XP level 9. HP: 67/72 MP: 0/8
  5537 | D:6      | Noticed Edmund
  5546 | D:6      | Killed Edmund
  5754 | D:6      | Found Zerigg's Antique Weapon Shoppe.
  5782 | D:6      | Found a bloodstained altar of Trog.
  5857 | D:6      | Found a faded altar of an unknown god.
  5857 | D:6      | Found a sacrificial altar of Ru.
  5863 | D:6      | Found a faded altar of an unknown god.
  5865 | D:6      | Found a burning altar of Makhleb.
  5867 | D:6      | Found an iron altar of Okawaru.
  6661 | D:7      | Reached * piety under Qazlal
  6774 | D:8      | Noticed Paps's ghost (novice MiFi)
  6819 | D:8      | Killed Paps's ghost
  6978 | D:8      | Reached skill level 6 in Shields
  7055 | D:8      | Reached XP level 10. HP: 77/80 MP: 0/9
  7075 | D:8      | Reached skill level 7 in Shields
  7237 | D:8      | Reached ** piety under Qazlal
  7244 | D:8      | Found a staircase to the Lair.
  7341 | D:8      | Reached skill level 8 in Shields
  7601 | D:6      | Bought a pair of crude gloves for 218 gold pieces
  7606 | D:6      | Identified the +4 pair of gloves "Baozist" {rF+ rN+ MR+ Dex+3} (You bought it in a shop on level 6 of the Dungeon)
  7857 | D:9      | Noticed a two-headed ogre
  7880 | D:9      | Got a jewelled trident
  7896 | D:9      | Killed a two-headed ogre
  7896 | D:9      | Reached skill level 9 in Shields
  8114 | D:9      | Reached skill level 10 in Shields
  8171 | D:9      | Found a shattered altar of Ashenzari.
  8218 | D:9      | Noticed Quirk's ghost (novice MfGl)
  8219 | D:9      | Noticed a two-headed ogre
  8247 | D:9      | Killed Quirk's ghost
  8247 | D:9      | Reached skill level 11 in Shields
  8256 | D:9      | Killed a two-headed ogre
  8258 | D:9      | Reached skill level 12 in Shields
  8377 | D:9      | Identified the +4 trident of Noon {drain, rF+ Int+3} (You found it on level 9 of the Dungeon)
  8560 | D:10     | Entered Level 10 of the Dungeon
  8855 | D:10     | Reached XP level 11. HP: 76/85 MP: 1/10
  8860 | D:10     | Reached *** piety under Qazlal
  8898 | D:10     | Found a staircase to the Orcish Mines.
  9178 | D:10     | Reached skill level 13 in Shields
  9495 | D:10     | Noticed a flayed ghost
  9550 | D:10     | Killed a flayed ghost
  9660 | D:11     | Noticed a two-headed ogre
  9681 | D:11     | Killed a two-headed ogre
  9762 | D:11     | Reached skill level 14 in Shields
  9780 | D:11     | Noticed a two-headed ogre
  9803 | D:11     | Killed a two-headed ogre
 10189 | D:11     | Got a brightly glowing mace
 10190 | D:11     | Identified the +8 mace "Noowynut" {drain, Int+5 SInv} (You found it on level 11 of the Dungeon)
 10221 | D:11     | Noticed a white ugly thing
 10229 | D:11     | Killed a white ugly thing
 10229 | D:11     | Reached skill level 15 in Shields
 10236 | D:11     | Noticed a two-headed ogre
 10241 | D:11     | Killed a two-headed ogre
 10632 | D:12     | Noticed a red ugly thing
 10638 | D:12     | Killed a red ugly thing
 10658 | D:12     | Noticed rezek's ghost (novice FeTm)
 10675 | D:12     | Reached skill level 16 in Shields
 10692 | D:12     | Killed rezek's ghost
 10695 | D:12     | Reached **** piety under Qazlal
 10703 | D:12     | Reached XP level 12. HP: 44/92 MP: 2/11
 10814 | D:12     | Noticed a two-headed ogre
 10816 | D:12     | Killed a two-headed ogre
 10830 | D:12     | Noticed a two-headed ogre
 10835 | D:12     | Killed a two-headed ogre
 10958 | D:12     | Noticed Urug
 10992 | D:12     | Killed Urug
 10992 | D:12     | Reached skill level 17 in Shields
 11102 | D:12     | Noticed a two-headed ogre
 11110 | D:12     | Killed a two-headed ogre
 11201 | D:12     | Noticed a two-headed ogre
 11206 | D:12     | Killed a two-headed ogre
 11599 | D:13     | Found a gate to the Vaults.
 11599 | D:13     | Noticed Nessos
 11599 | D:13     | Noticed a two-headed ogre
 11684 | D:13     | Found Juangie's Gadget Shoppe.
 11694 | D:13     | Reached skill level 18 in Shields
 11775 | D:13     | Killed a two-headed ogre
 11869 | D:13     | Reached ***** piety under Qazlal
 11885 | D:13     | Reached skill level 19 in Shields
 11921 | D:13     | Killed Nessos
 12058 | D:13     | Noticed a two-headed ogre
 12064 | D:13     | Killed a two-headed ogre
 12064 | D:13     | Reached XP level 13. HP: 88/97 MP: 3/12
 12603 | D:10     | Reached skill level 20 in Shields
 12779 | D:6      | Bought a slimy spear for 248 gold pieces
 12779 | D:6      | Identified the cursed +1 spear of Noon {drain, Str+4 Dex+2} (You bought it in a shop on level 6 of the Dungeon)
 12876 | Lair:1   | Entered Level 1 of the Lair of Beasts
 12898 | Lair:1   | Noticed Gastronok
 12917 | Lair:1   | Killed Gastronok
 13077 | Lair:1   | Noticed Joseph
 13100 | Lair:1   | Killed Joseph
 13104 | Lair:1   | Noticed Harold
 13116 | Lair:1   | Killed Harold
 13867 | Lair:2   | Noticed Erica
 13881 | Lair:2   | Killed Erica
 13927 | Lair:2   | Found a frozen archway.
 13938 | IceCv    | Entered an ice cave
 14180 | IceCv    | Reached skill level 10 in Dodging
 14377 | IceCv    | Noticed a frost giant
 14395 | IceCv    | Killed a frost giant
 14395 | IceCv    | Reached XP level 14. HP: 58/105 MP: 4/13
 14619 | IceCv    | Got an ominously black robe
 14638 | IceCv    | Identified the +1 robe "Meruss" {*Contam +Blink Int+10 Slay-4} (You found it in an ice cave)
 15999 | Lair:3   | Found a blossoming altar of Fedhas.
 16986 | Lair:3   | Found a staircase to the Swamp.
 18151 | Lair:5   | Found a viscous altar of Jiyva.
 18151 | Lair:5   | Found a staircase to the Slime Pits.
 18166 | Lair:5   | Reached ****** piety under Qazlal
 18725 | Lair:6   | Entered Level 6 of the Lair of Beasts
 19133 | Lair:6   | Reached skill level 15 in Dodging
 19262 | Lair:6   | Reached skill level 5 in Armour
 20166 | Lair:4   | Reached XP level 15. HP: 111/111 MP: 5/14
 20182 | Lair:4   | Found a hole to the Spider Nest.
 21196 | Orc:1    | Entered Level 1 of the Orcish Mines
 21207 | Orc:1    | Noticed Patate's ghost (journeyman SpEn)
 21498 | Orc:1    | Killed Patate's ghost
 21695 | Orc:2    | Entered Level 2 of the Orcish Mines
 22352 | Orc:2    | Reached skill level 10 in Armour
 22442 | Orc:2    | Found a staircase to the Elven Halls.
 22575 | Orc:2    | Found Vohor's Food Boutique.
 22575 | Orc:2    | Found Xonaics Zaax's Book Shoppe.
 22577 | Orc:2    | Found Xem Coic's Antique Armour Boutique.
 22577 | Orc:2    | Found Zolera's Assorted Antiques.
 22609 | Orc:2    | Bought a steaming plate armour for 756 gold pieces
 22619 | Orc:2    | Identified the +1 plate armour of Sif Muna's Displeasure {rCorr Int+4 SInv} (You bought it in a shop on level 2 of the Orcish Mines)
 22625 | Orc:2    | Bought a warped chain mail for 256 gold pieces
 22635 | Orc:2    | Identified the +4 chain mail "Quyfiorgh" {*Drain rPois rCorr Dex+10} (You bought it in a shop on level 2 of the Orcish Mines)
 23046 | D:14     | Found a labyrinth entrance.
 23068 | Lab      | Entered a labyrinth
 24869 | Lab      | Got an iridescent battleaxe {pain}
 24871 | Lab      | Identified the Disquisition on Execration and the Compass
 25025 | D:14     | Noticed a tengu reaver
 25033 | D:14     | Killed a tengu reaver
 25982 | D:14     | Identified the +8 battleaxe of Ancient Evil {pain, rC+ Int+6 Dex+3} (You took it off a minotaur in a labyrinth)
 26010 | D:15     | Entered Level 15 of the Dungeon
 26024 | D:15     | Reached skill level 5 in Axes
 26276 | D:15     | Found a staircase to the Depths.
 26364 | D:15     | Reached XP level 16. HP: 59/117 MP: 15/15
 27180 | D:15     | Found a sacrificial altar of Ru.
 27465 | D:10     | Reached skill level 10 in Axes
 27745 | Swamp:1  | Entered Level 1 of the Swamp
 27749 | Swamp:1  | Noticed a thorn hunter
 27777 | Swamp:1  | Killed a thorn hunter
 28177 | Swamp:1  | Identified the Disquisition on the Compass
 28610 | Swamp:2  | Noticed Frances
 28621 | Swamp:2  | Killed Frances
 29860 | Swamp:3  | Reached skill level 15 in Axes
 30084 | Swamp:4  | Entered Level 4 of the Swamp
 30322 | Swamp:4  | Noticed a thorn hunter
 30331 | Swamp:4  | Killed a thorn hunter
 30481 | Swamp:4  | Reached XP level 17. HP: 124/124 MP: 16/16
 30545 | Swamp:4  | Noticed a bone dragon
 30585 | Swamp:4  | Killed a bone dragon
 30949 | Swamp:4  | Got a decaying rune of Zot
 31788 | Spider:1 | Entered Level 1 of the Spider Nest
 31906 | Spider:1 | Reached skill level 21 in Shields
 32529 | Spider:2 | Reached skill level 22 in Shields
 32640 | Spider:2 | Noticed Donald
 32665 | Spider:2 | Killed Donald
 32665 | Spider:2 | Reached skill level 23 in Shields
 33564 | Spider:3 | Reached skill level 24 in Shields
 33984 | Spider:3 | Reached XP level 18. HP: 105/130 MP: 17/17
 34473 | Spider:4 | Entered Level 4 of the Spider Nest
 34995 | Spider:4 | Reached skill level 25 in Shields
 35043 | Spider:4 | Reached skill level 5 in Fighting
 35551 | Spider:4 | Got a gossamer rune of Zot
 35801 | Slime:1  | Entered Level 1 of the Pits of Slime
 35827 | Slime:1  | Reached skill level 10 in Fighting
 36451 | Slime:3  | Gained mutation: Your muscles are strong. (Str +2) [a shining eye]
 36796 | Slime:5  | Entered Level 5 of the Pits of Slime
 36821 | Slime:4  | Reached XP level 19. HP: 123/163 MP: 18/18
 36894 | Slime:5  | Noticed the Royal Jelly
 36906 | Slime:5  | Gained mutation: You are occasionally teleported next to monsters. [a shining eye]
 36968 | Slime:5  | Gained mutation: You are frail. (-10% HP) [a shining eye]
 36977 | Slime:5  | Killed the Royal Jelly
 36981 | Slime:5  | Reached skill level 15 in Fighting
 37395 | Slime:5  | Splashed by an acid blob's acid

Skill      XL: |  1  2  3  4  5  6  7  8  9 10 11 12 13 14 15 16 17 18 19 |
---------------+----------------------------------------------------------+-----
Shields        | 4 5 6 12 16 19 20 24 25 | 25.0
Dodging        | 1 2 11 15 | 15.4
Armour         | 4 6 13 | 13.0
Axes           | 3 4 9 15 17 | 17.0
Fighting       | 4 13 15 | 15.1
Polearms       | 4 8 11 14 | 14.1
Evocations     | |  0.3

Action                   |  1- 3 |  4- 6 |  7- 9 | 10-12 | 13-15 | 16-18 | 19-21 || total
-------------------------+-------+-------+-------+-------+-------+-------+-------++-------
Melee: War axe           |    91 |    68 |       |       |   232 |  1790 |    80 ||  2261
       Headbutt          |    19 |    15 |    65 |   142 |   773 |   703 |    39 ||  1756
       Trident           |       |    29 |   459 |   753 |    85 |       |       ||  1326
       Spear             |       |       |       |       |  1679 |       |       ||  1679
       Battleaxe         |       |       |       |       |   112 |    37 |       ||   149
Evoke: Wand              |       |       |       |       |     1 |     4 |       ||     5
  Use: Potion            |       |     4 |     1 |     4 |     7 |     7 |     8 ||    31
       Scroll            |       |       |    12 |     2 |    21 |    14 |     9 ||    58
 Stab: Invisible         |       |       |       |       |     3 |       |    16 ||    19
       Petrified         |       |       |       |       |     1 |       |       ||     1
       Confused          |       |       |       |       |       |     1 |       ||     1
  Eat: Bread ration      |       |     2 |       |       |       |       |       ||     2
       Chunk             |       |       |    15 |     8 |    52 |    29 |       ||   104
       Royal jelly       |       |       |       |     2 |     2 |     4 |       ||     8
       Fruit             |       |       |       |     1 |       |       |       ||     1
       Meat ration       |       |       |       |     1 |     2 |       |       ||     3
Armor: Scale mail        |    58 |    25 |    55 |       |       |       |       ||   138
       Chain mail        |       |       |    62 |    96 |   213 |   631 |    35 ||  1037
Dodge: Dodged            |    33 |    25 |    66 |    62 |   390 |  1183 |    87 ||  1846
       Deflected         |       |       |       |     1 |    26 |    11 |    15 ||    53
Block: Shield            |    65 |    39 |   121 |   313 |  1030 |  2453 |   151 ||  4172
       Other             |       |       |       |       |    49 |     9 |       ||    58
       Reflection        |       |       |       |       |       |     4 |     4 ||     8
